[Event "Susha Chess Rapid Women 2022"]
[Site "Shusha"]
[Date "2022.09.22"]
[Round "4.5"]
[White "Mammadova, Gulnar"]
[Black "Mammadzada, Gunay"]
[Result "1/2-1/2"]
[ECO "B26"]
[WhiteElo "2382"]
[BlackElo "2473"]
[Annotator "TA"]
[PlyCount "87"]
[EventDate "2022.09.21"]
[EventType "tourn"]
[EventCountry "AZE"]
[SourceTitle "playchess.com"]
[Source "ChessBase"]
[SourceQuality "1"]
[TimeControl "900+10"]

1. e4 c5 2. Nc3 d6 3. g3 g6 4. Bg2 Bg7 5. d3 Nc6 6. Be3 e6 7. Qd2 Nge7 8. Bh6 Bxh6 9. Qxh6 Nd4 10. Qd2 e5 11. Nge2 {[%emt 0:00:24] B26: Closed Sicilian: 3 g3, lines with early Be3.} Bh3 12. O-O Bxg2 13. Kxg2 O-O (13... Qd7 {feels hotter.} 14. f4 O-O 15. Rae1 f6) 14. f4 {[%emt 0:02:29] [#]} Nxe2 $146 ({Predecessor:} 14... f5 15. a3 Qd7 16. exf5 Qc6+ 17. Kh3 Nexf5 18. fxe5 dxe5 19. Ne4 Qe6 20. g4 Nxe2 21. Qxe2 {0-1 (45) Iglesias Ferreira,A (1946)-Ano Pla,G (2039) Salobrena 2020}) 15. Qxe2 d5 16. f5 {[%emt 0:03:37] [#] Threatens to win with f6.} (16. exd5 {keeps more tension.} exf4 17. Qe5 fxg3 18. hxg3 Re8 19. Qf4) 16... d4 17. f6 dxc3 18. fxe7 Qxe7 19. bxc3 c4 20. d4 {[%emt 0:00:33] Prevents Qc5.} Qa3 21. Qxc4 (21. Qd2 $11) 21... Rac8 $15 22. Qb3 Rxc3 23. Qxa3 Rxa3 24. dxe5 {[%emt 0:00:03][%mdl 4096] Endgame KRR-KRR} Re8 25. Rad1 Re7 {Inhibits Rd7.} ({But not} 25... Rxe5 26. Rd8+ Kg7 27. Rd7 Rxe4 28. Rfxf7+ Kh6 29. h4 $14 (29. Rxb7 Re2+ 30. Kh3 Rxc2 $14) (29. Rxh7+ Kg5 $14)) (25... Rxa2 26. Rd7 $11) 26. Rd8+ Kg7 27. Ra1 Re3 28. Rad1 (28. Rd4 $17) 28... Rxe4 $19 ({And not} 28... Rxe5 29. R8d7 $17) 29. R8d7 R7xe5 30. Rxb7 Re2+ 31. Kg1 {[%emt 0:00:01] [#]} Rxc2 ({Better is} 31... Rf5 $1 $17 32. Rxa7 Rxc2) 32. Rf1 $11 Kh6 {[%emt 0:00:14] aiming for ...f5.} 33. Rbxf7 (33. Rxa7 $11 {remains equal.} f5 34. Rf2 Re1+ 35. Kg2) 33... Rxa2 $17 {[%emt 0:00:16] ...Ree2 is the strong threat.} 34. R1f2 Re1+ (34... Rxf2 $17 35. Rxf2 a5) 35. Kg2 $1 $11 {[%emt 0:00:01] The position is equal.} Ree2 36. Rxe2 Rxe2+ {[%emt 0:00:00] KR-KR} 37. Kf3 Ra2 38. h4 a5 39. g4 Ra3+ 40. Kf4 {[%emt 0:00:06] Threatening mate with g5+.} Ra4+ 41. Kf3 Ra3+ 42. Kf4 {[%emt 0:00:01] White wants to mate with g5+.} Ra4+ 43. Kf3 {[%emt 0:00:02] Intending g5+ and mate.} Ra3+ 44. Ke4 {Weighted Error Value: White=0.18 (very precise) /Black=0.15 (very precise)} 1/2-1/2

[Event "Susha Chess Rapid Women 2022"]
[Site "Shusha"]
[Date "2022.09.22"]
[Round "5.1"]
[White "Ozturk Orenli, Kubra"]
[Black "Mammadova, Gulnar"]
[Result "1-0"]
[ECO "A40"]
[WhiteElo "2319"]
[BlackElo "2382"]
[Annotator "TA"]
[PlyCount "143"]
[EventDate "2022.09.21"]
[EventType "tourn"]
[EventCountry "AZE"]
[SourceTitle "playchess.com"]
[Source "ChessBase"]
[SourceQuality "1"]
[TimeControl "900+10"]

1. d4 g6 2. g3 Bg7 3. Bg2 d6 4. Nf3 Nd7 5. O-O e5 6. dxe5 dxe5 7. Bg5 {[%emt 0:01:28] Prevents Qe7. A41: 1 d4 d6: Tartakower System and Modern Defence.} f6 8. Bd2 Ne7 9. c4 {[%emt 0:00:16] White has an edge.} O-O 10. Nc3 {[%emt 0:00:39] [#]} f5 $146 ({Predecessor:} 10... Nc6 11. Nd5 Nc5 12. b4 Ne6 13. b5 Ncd4 14. Nxd4 exd4 15. Bb4 Re8 16. e3 dxe3 {0-1 (68) Hou,Y (2658)-Mammadova,G (2382) Chess.com INT 2021}) 11. e4 f4 12. Qc1 Nc5 13. Rd1 Qe8 14. b4 Ne6 15. Nd5 g5 {[%emt 0:01:38] White should prevent ...Ng6.} 16. Nxe7+ Qxe7 17. Bc3 Nd8 18. Qb2 Nf7 19. b5 Qf6 20. Rd5 Re8 (20... Be6 {with more complications.} 21. Rxe5 Nxe5 22. Bxe5 Qh6) 21. Ne1 b6 (21... Be6 $17) 22. Nd3 $11 f3 23. Bf1 Bb7 24. Nb4 Nd6 (24... Bxd5 25. Nxd5 Qd6 26. Rd1 $11) 25. Re1 Bxd5 26. Nxd5 Qf7 27. Qb4 {[%emt 0:00:29][%mdl 1024] White has compensation.} Nb7 28. a4 ({White should play} 28. Qb2 $11) 28... Bf8 (28... Nc5 $15) 29. Qb2 Bd6 30. Qd2 Qg6 (30... Qg7 $11) 31. Bh3 $1 $14 Rf8 {[%emt 0:00:23] [#]} 32. Ne3 {[%emt 0:00:37] White has more active pieces.} (32. Bxe5 $1 $16 Qh6 33. Bf6 $1 (33. Nxc7 Bxc7 34. Qd5+ Rf7 $17) 33... Rxf6 34. Nxf6+ Qxf6 35. Qd5+ Kh8 36. Qxb7) 32... Nc5 $11 (32... Qxe4 $2 33. Nf5 $1 Qxf5 34. Bxf5 Rxf5 35. Qd5+ Rf7 36. Qxb7 $18) 33. Qd5+ (33. Bf5 $11 Qg7 34. Ra1) 33... Qf7 $15 34. Nf5 $2 ({Better is} 34. Qc6 $15) 34... Qxd5 $19 35. exd5 Nxa4 36. Bd2 Nc5 ({Inferior is} 36... Nb2 37. Bxg5 Bc5 38. Nh6+ Kh8 39. Ng4 $17) 37. Bxg5 Rae8 $2 (37... a5 $19 {White must now prevent ...a4.} 38. bxa6 Rxa6 39. Nxd6 cxd6) 38. Bg4 e4 39. Nh6+ $2 (39. h3 $15) 39... Kg7 $1 40. Nf5+ Kg6 41. Nxd6 Kxg5 $2 (41... cxd6 $19 42. h4 Nd3) 42. Nxe8 $11 {[%emt 0:00:05][%cal Og4d7] aiming for Bd7!} Rxe8 (42... Kxg4 $11 43. Nxc7 Kf5) 43. Bxf3 $1 $19 {[%emt 0:00:08][%mdl 4096] Endgame KRB-KRN} Kf5 44. Bg2 h5 {[%emt 0:00:21] Black is on the road to losing.} (44... Ke5 $14) 45. Re3 (45. Ra1 $142) 45... Ke5 {[%emt 0:00:15] [#]} (45... Ra8 $16 {keeps fighting.}) 46. Bxe4 $1 $18 Kd4 (46... Nxe4 $2 47. f3 Kd6 48. Rxe4 $18 (48. fxe4 Kc5 $14)) 47. Bg6 Rxe3 48. fxe3+ Kxe3 $2 (48... Kxc4 49. h4 (49. Bxh5 Kxb5 50. h4 a5 $16) 49... Kxd5 50. Bxh5 a6) 49. Bxh5 {[%emt 0:00:01] Threatens to win with h4. KB-KN} Ne4 (49... Kd4 $142 50. Be2 Ke3) 50. Kg2 Nd6 51. h4 Nxc4 52. Bg6 Kd4 53. h5 {[%emt 0:00:10] And now h6 would win.} Ke5 54. Kf3 Nd6 55. h6 Kf6 56. Bd3 {[%emt 0:00:10] Kf4 would kill now.} Nf7 57. h7 {[%emt 0:00:01] White mates.} Ke5 58. Bg6 Nh8 59. Be4 Nf7 60. Ke3 Kf6 61. Kf4 Kg7 62. g4 Nd6 {[%emt 0:00:05] [#]} 63. Bd3 $1 Nf7 64. g5 Nd6 65. g6 Nb7 66. Ke5 Nc5 67. Bf5 a6 68. bxa6 Nxa6 69. Ke6 Nc5+ {[%emt 0:00:32] [#]} 70. Ke7 $1 Nb7 71. h8=Q+ Kxh8 72. Kf8 {[%emt 0:00:01] Weighted Error Value: White=0.29 (precise) /Black=0.57} 1-0

[Event "Susha Chess Rapid Women 2022"]
[Site "Shusha"]
[Date "2022.09.22"]
[Round "5.2"]
[White "Arabidze, Meri"]
[Black "Efroimski, Marsel"]
[Result "0-1"]
[ECO "D32"]
[WhiteElo "2422"]
[BlackElo "2462"]
[Annotator "TA"]
[PlyCount "99"]
[EventDate "2022.09.21"]
[EventType "tourn"]
[EventCountry "AZE"]
[SourceTitle "playchess.com"]
[Source "ChessBase"]
[SourceQuality "1"]
[TimeControl "900+10"]

1. d4 d5 2. c4 e6 3. Nc3 c5 4. cxd5 exd5 5. Nf3 Nc6 6. dxc5 d4 7. Na4 Bxc5 {[%emt 0:00:10][%mdl 64] Decoy. D32: Tarrasch Defence: Sidelines and lines without g3.} 8. Nxc5 Qa5+ 9. Qd2 Qxc5 {[%emt 0:00:04] White is slightly better.} 10. e3 {[%emt 0:00:01] now scores much better than the old 10.a3.} (10. a3 $5 ) 10... dxe3 11. Qxe3+ Qxe3+ 12. Bxe3 Nge7 13. Bc4 Bg4 {[%emt 0:01:08] [#]} 14. O-O $146 ({Predecessor:} 14. Ng5 O-O 15. h3 Bh5 16. O-O Ne5 17. Bb3 Rfd8 18. g4 h6 19. Ne4 Bg6 20. Nc3 {½-½ (56) King,A (2283)-Buscar,M (2088) Chess.com INT 2021}) 14... Bxf3 15. gxf3 O-O 16. Rfd1 Rfd8 17. a3 h6 18. b4 Ne5 19. Be2 Nd5 20. f4 Nxe3 21. fxe3 Nc6 22. Bf3 Kf8 23. Kf2 Ke7 24. Ke2 Rac8 (24... Rxd1 $11 {keeps the balance.} 25. Kxd1 (25. Rxd1 Rc8 $11) 25... g5) 25. h4 (25. Rdc1 $16) 25... Rxd1 $11 26. Rxd1 {[%emt 0:00:01][%mdl 4096] Endgame KRB-KRN} Nd8 27. Bg4 Rc2+ 28. Kf3 Rc3 29. Rd7+ Ke8 30. Rd4 Rxa3 31. Re4+ Kf8 32. Bd7 Ne6 $1 33. Bxe6 fxe6 34. Rxe6 {[%emt 0:00:00] KR-KR} Ra4 35. Re4 b6 36. Rd4 a5 37. Ke4 axb4 38. Kd5 b5 39. Ke6 Ke8 {[%emt 0:01:00] Inhibits Rd8+.} 40. Rd5 b3 41. Rxb5 Re4+ 42. Kf5 $2 {[%emt 0:00:03] This costs White the game.} (42. Kd5 $11 Rxe3 43. Rb7) 42... Rxe3 $19 {[%emt 0:00:01] Threatens to win with ...Kd7.} 43. Rb7 {[%emt 0:00:42] [#]} Rg3 44. h5 {[%emt 0:00:20] [#]} Kd8 $1 45. Ke6 Kc8 46. Rb4 Kc7 {[%emt 0:00:03] Strongly threatening ...Kc6.} 47. Kf7 $2 (47. Kd5) 47... Kc6 48. f5 {[%emt 0:00:02] Black is winning.} Kc5 49. Rb7 Kc4 {[%emt 0:00:10] aiming for ...Rg5.} 50. Rc7+ {[%emt 0:00:06] Weighted Error Value: White=0.25 (precise) /Black=0.07 (flawless)} 0-1

[Event "Susha Chess Rapid Women 2022"]
[Site "Shusha"]
[Date "2022.09.22"]
[Round "5.3"]
[White "Dzagnidze, Nana"]
[Black "Beydullayeva, Govhar"]
[Result "1-0"]
[ECO "A21"]
[WhiteElo "2526"]
[BlackElo "2346"]
[Annotator "TA"]
[PlyCount "73"]
[EventDate "2022.09.21"]
[EventType "tourn"]
[EventCountry "AZE"]
[SourceTitle "playchess.com"]
[Source "ChessBase"]
[SourceQuality "1"]
[TimeControl "900+10"]

1. c4 e5 2. Nc3 c5 3. Nf3 Nc6 4. e3 Nf6 5. b3 d5 6. cxd5 {[%emt 0:00:07] A34: Symmetrical English: 2 Nc3, lines with ...d5.} Nxd5 7. Nxd5 Qxd5 8. Bc4 {[%emt 0:00:09] The position is equal.} Qd8 9. Bb2 {[%emt 0:00:04] [#]} e4 $146 (9... Bd6 $11) ({Predecessor:} 9... Bd6 10. Qb1 Qf6 11. Bd5 Bf5 12. Be4 Bxe4 13. Qxe4 Qg6 14. Qxg6 hxg6 15. Ke2 f6 {½-½ (47) Murey,J (2560)-Polgar,Z (2510) New York 1989}) 10. Ne5 $16 Nxe5 11. Bxe5 Qg5 12. Bb5+ Bd7 13. Bxd7+ Kxd7 14. Bg3 Rd8 15. b4 cxb4 16. O-O Bd6 {[%emt 0:00:53] [#]} ({Black should try} 16... Qd5 $14) 17. Rc1 $1 Ke6 (17... Qg6 {is a better defense.} 18. Bxd6 (18. Qa4+ Ke7 $16) 18... Qxd6) 18. Rc4 $18 f5 (18... Ke7 {was called for.} 19. Rxe4+ Kf8) 19. Qb3 Kf6 20. Bxd6 $2 $40 {[%mdl 128] White attacks with force.} (20. f3 $18 Bxg3 21. fxe4) 20... Rxd6 $16 21. Rc7 Qh5 {[%emt 0:01:47][%mdl 8192] Prevents Qf7+. A mistake that costs the game.} (21... Kg6 $16) 22. Qb2+ $18 {[%emt 0:00:36][%mdl 64] [#] Skewer, Deflection. White is clearly winning.} Ke6 23. Qxg7 {[%emt 0:00:35] Re7+ would kill now.} Qe8 {[%emt 0:00:01] Against Re7+} 24. Rxb7 Rg8 25. Qxh7 Rh8 26. Qg7 Rg8 27. Qb2 Qh5 28. g3 (28. Qb3+ $142 Rd5 29. Rc1) 28... Rh8 29. h4 Rc8 30. Rb5 {[%emt 0:00:24] White wants to mate with Qe5+.} Kf7 31. Qxb4 Rg6 32. Qxe4 fxe4 33. Rxh5 Rc2 34. Ra5 a6 35. Rb1 Rxd2 36. Rb7+ Kg8 37. Re5 {[%emt 0:00:15] Weighted Error Value: White=0.87/Black=0.53} 1-0

[Event "Susha Chess Rapid Women 2022"]
[Site "Shusha"]
[Date "2022.09.22"]
[Round "5.4"]
[White "Mammadzada, Gunay"]
[Black "Zawadzka, Jolanta"]
[Result "0-1"]
[ECO "E04"]
[WhiteElo "2473"]
[BlackElo "2401"]
[Annotator "TA"]
[PlyCount "52"]
[EventDate "2022.09.21"]
[EventType "tourn"]
[EventCountry "AZE"]
[SourceTitle "playchess.com"]
[Source "ChessBase"]
[SourceQuality "1"]
[TimeControl "900+10"]

1. d4 d5 2. c4 e6 3. g3 Nf6 4. Bg2 dxc4 5. Nf3 a6 6. Ne5 c5 7. Na3 cxd4 {[%emt 0:00:14] [#] aiming for ...Qa5+. E04: Open Catalan: 5 Nf3.} 8. Naxc4 Bc5 9. O-O O-O {[%emt 0:00:06] The position is equal.} 10. Bg5 h6 11. Bxf6 Qxf6 {[%emt 0:00:08] [#]} 12. Rc1 $146 ({Predecessor:} 12. Qb3 Nd7 13. Nxd7 Bxd7 14. Qxb7 Bb5 15. Rac1 Rab8 16. Qe4 Rfd8 17. Ne5 Bd6 18. Nc6 Bxc6 19. Rxc6 Rxb2 20. Rxa6 {½-½ (32) Postny,E (2585)-Mastrovasilis,D (2580) Rio Achaea 2018}) 12... Nc6 (12... Nd7 $11 13. Nd3 Be7) 13. Nxc6 bxc6 14. Na5 Bb6 (14... Be7 $1 $14) 15. Nxc6 $16 {[%emt 0:00:22] Strongly threatening Qb3.} Bd7 16. Qb3 Bd8 {[%emt 0:00:26] [#]} 17. Nxd4 $1 Rc8 (17... Ra7 18. e3) 18. Rxc8 Bxc8 19. Nc6 Bc7 (19... Bd7 $16 {was called for.}) 20. Rc1 (20. Qb4 $18) 20... e5 (20... Bd7 $16 {was necessary.} 21. Be4 Bxc6 22. Rxc6 Be5) 21. Bd5 Bh3 (21... Bd6 $142 22. a4 Re8) 22. Qb7 $18 Bd6 23. Qxa6 e4 24. Qb6 ({Don't do} 24. Bxe4 Re8) 24... Re8 25. Qd4 Qg5 26. Qe3 Qxd5 {[%emt 0:00:08] What a bad dream for White.  Weighted Error Value: White=0.35/Black=0.34} 0-1

[Event "Susha Chess Rapid Women 2022"]
[Site "Shusha"]
[Date "2022.09.22"]
[Round "5.5"]
[White "Fataliyeva, Ulviyya"]
[Black "Balajayeva, Khanim"]
[Result "1/2-1/2"]
[ECO "D26"]
[WhiteElo "2408"]
[BlackElo "2379"]
[Annotator "TA"]
[PlyCount "109"]
[EventDate "2022.09.21"]
[EventType "tourn"]
[EventCountry "AZE"]
[SourceTitle "playchess.com"]
[Source "ChessBase"]
[SourceQuality "1"]
[TimeControl "900+10"]

1. d4 d5 2. Nf3 Nf6 3. c4 dxc4 4. e3 e6 5. Bxc4 a6 6. O-O Nbd7 {[%emt 0:00:02] D26: Queen's Gambit Accepted: 4 e3 e6 5 Bxc5 c5 sidelines.} 7. Nbd2 b5 8. Be2 Bb7 9. a4 b4 10. Nc4 {[%emt 0:01:22] 10.Nc4 is better than 10.b3.} c5 11. Nfe5 Be7 12. Bf3 Qc7 {[%emt 0:00:54] [#]} 13. Bd2 $146 ({Predecessor:} 13. Bxb7 Qxb7 14. dxc5 Nxc5 15. Nd6+ Bxd6 16. Qxd6 Qd5 17. Qxd5 Nxd5 18. f3 f6 19. Nc4 {½-½ (63) Moranda,W (2622)-Janik,I (2500) Opole 2021}) 13... O-O 14. Rc1 Rac8 15. Qe2 Bxf3 16. Qxf3 cxd4 17. exd4 Nd5 18. Qg3 N7f6 19. Rfe1 ({But not} 19. Bh6 Nh5 20. Qh3 gxh6 $15) 19... Rfd8 20. Bh6 Bf8 21. Bg5 Qa7 22. Na5 {[%emt 0:00:59] Black must now prevent Nac6.} Rxc1 ({Don't take} 22... Qxd4 23. Nac6 Qxb2 24. Nxd8 Rxd8 25. Qd3 $16) 23. Bxc1 (23. Rxc1 $11 Ne4 24. Qh4 Nxg5 25. Qxg5) 23... Rc8 (23... Qc7 $5 24. Nb3 Nd7 $11) 24. Qd3 Nb6 25. b3 Rc3 26. Qd1 Nfd5 27. Bd2 Rc8 28. h4 Nd7 29. Nac4 N7f6 30. Be3 h6 31. Qf3 Qa8 32. Bc1 Nc3 33. Qg3 Nce4 34. Qd3 {[%emt 0:00:01] Nb6 is the strong threat.} Rd8 35. Be3 (35. g4 $11 Bc5 36. Be3) 35... Qd5 36. Rc1 Nc3 37. f3 (37. Nf3 $15 {is superior.}) 37... Nd7 $17 38. Nxd7 Qxd7 39. Ne5 Qd5 40. Qc2 Rc8 ({Better is} 40... Be7 41. Nd3 a5) 41. Nc4 Qh5 42. Qf2 Be7 43. g3 Nd5 44. Bd2 Bf6 45. Re1 (45. Kg2 $1 $15) 45... Qg6 (45... Qf5 $1 $19 46. Re4 (46. Nd6 $2 Qd3 $19) 46... Nc3 47. Bxc3 bxc3) 46. Re4 Ne7 (46... Bd8 $17 47. Ne5 Qf5) 47. Kh2 h5 48. Bf4 (48. Bxb4 $11 {remains equal.} Nd5 49. Bc5) 48... Nd5 49. Be5 Nc3 50. Re1 Be7 51. Qd2 {[%emt 0:00:17] [#]} (51. Rc1 $17 {might work better.}) 51... Nd5 $2 (51... Nxa4 $1 $19 {[%cal Oa4b6][%mdl 512] Threatens to win with ...Nb6!} 52. Rc1 Nc3) 52. Re4 (52. Qe2 $11) 52... Nc3 (52... Rd8 $17) 53. Re1 $19 {[%emt 0:00:01] [#]} Nd5 ({Black should try} 53... Nxa4 $1 $19 54. Rc1 Nc3) 54. Re4 $17 Nc3 (54... Rd8 $17) 55. Re1 {[%emt 0:00:01] Weighted Error Value: White=0.19 (very precise) /Black=0.23 (precise)} 1/2-1/2

[Event "Susha Chess Rapid Women 2022"]
[Site "Shusha"]
[Date "2022.09.23"]
[Round "6.1"]
[White "Beydullayeva, Govhar"]
[Black "Mammadzada, Gunay"]
[Result "1-0"]
[ECO "D16"]
[WhiteElo "2346"]
[BlackElo "2473"]
[Annotator "TA"]
[PlyCount "87"]
[EventDate "2022.09.21"]
[EventType "tourn"]
[EventCountry "AZE"]
[SourceTitle "playchess.com"]
[Source "ChessBase"]
[SourceQuality "1"]
[TimeControl "900+10"]

1. d4 d5 2. c4 c6 3. Nf3 Nf6 4. Nc3 dxc4 5. a4 e6 6. e3 c5 7. Bxc4 cxd4 {[%emt 0:00:03] D16: Slav Defence: 5 a4: Lines with 5...Bg4 and 5...Na6.} 8. exd4 Be7 9. O-O O-O {[%emt 0:00:35] The position is equal.} 10. Qe2 Nc6 11. Rd1 Nb4 {[%emt 0:00:16] Prevents d5.} 12. Bg5 h6 13. Bxf6 Bxf6 14. Ne4 b6 15. Ne5 Bb7 16. Nxf6+ Qxf6 17. Nd7 Qg6 18. d5 $1 {[%emt 0:00:04] Ne5 is the strong threat. Active counter play!} Rfe8 19. Ne5 Qg5 {[%emt 0:00:14][%cal Re6d5] [#]} 20. h4 $146 ({Predecessor:} 20. f4 Qxf4 21. dxe6 fxe6 22. Rd7 Bd5 23. Rf1 Qd4+ 24. Kh1 Rf8 25. Bxd5 Nxd5 26. Nf3 {½-½ (56) Bacrot,E (2711)-Kempinski,R (2625) Jerusalem 2015}) 20... Qxh4 21. d6 Nd5 22. Qf3 $36 {[%emt 0:03:32][%mdl 2048] White fights for an advantage.} Qf6 23. Qe4 {[%emt 0:03:09] [#]} (23. Bxd5 $11 exd5 24. Qxf6 gxf6 25. Ng4) 23... Red8 (23... Nc3 $1 $19 24. Qe3 (24. Qxb7 Nxd1) 24... Nxd1 25. Rxd1 Red8) 24. d7 {[%emt 0:01:08][%cal Rd1d5] [#]} Rab8 (24... Nc3 $142 $1 25. Qe3 (25. Qe1 Nxd1) 25... Nxd1 26. Rxd1 Qe7) 25. Rxd5 {[%emt 0:06:29] [#]} ({White should play} 25. Bxd5 exd5 26. Qd4) 25... exd5 $2 (25... Bxd5 26. Bxd5 exd5 27. Qxd5 $16) (25... b5 $1 $17 {[%cal Rb5c4] stays on course.} 26. axb5 (26. Ng4 $2 Qxb2 27. Qd4 Qxd4 $19) 26... Bxd5 27. Bxd5 Rxb5 28. Nxf7 (28. Ng4 $2 Qxb2 29. Rd1 Rxd7 $19) 28... Kxf7) 26. Bxd5 $16 {[%emt 0:00:01] Really sharp!} Bxd5 27. Qxd5 Qf5 28. Rd1 Qe6 (28... Rb7 $142) 29. Qxe6 $18 fxe6 {[%emt 0:00:01][%mdl 4096] Endgame KRR-KRN} 30. Nc6 $1 Ra8 31. b4 (31. Nxd8 Rxd8 32. Kf1 Kf7 $11) 31... Kf7 32. f4 {[%emt 0:00:07][%mdl 1024] White has strong compensation.} (32. Nxd8+ Rxd8 33. Rd3 Ke7 $15) 32... g5 (32... Kf6 {was necessary.} 33. Kf2 (33. Nxd8 Rxd8 34. Rd3 e5 $15) 33... g5 34. fxg5+ (34. Nxd8 Rxd8 35. fxg5+ Kxg5 $11) 34... Kxg5) 33. g3 $2 (33. Nxd8+ Rxd8 34. fxg5 hxg5 $15) (33. fxg5 $18 h5 34. Rd6 (34. Nxd8+ Rxd8 35. Kh2 Kg6 $14)) 33... Kf6 $2 (33... gxf4 $16 {was called for.} 34. gxf4 Kf6) 34. Kf2 (34. Nxd8 Rxd8 35. fxg5+ hxg5 $11) 34... h5 (34... gxf4 35. gxf4 (35. Nxd8 fxg3+ 36. Kxg3 Rxd8 $17) 35... h5 36. Kg3 $16 (36. Nxd8 Rxd8 37. Kg3 Ke7 $11)) 35. Kf3 ({Stronger than} 35. Nxd8 Rxd8 36. fxg5+ Kxg5 $11) 35... Kf5 $2 (35... g4+ $2 36. Ke4 $18) (35... gxf4 36. Kxf4 (36. Nxd8 Rxd8 37. Kxf4 Ke7 $16) 36... b5) 36. b5 $2 ({Not} 36. Nxd8 g4+ 37. Ke3 Rxd8 $14) (36. Nd4+ $18 Kf6 37. fxg5+ Kxg5 38. Nc6) 36... gxf4 $11 37. gxf4 {[%emt 0:00:01] aiming for Rd6.} h4 38. Ne7+ Kf6 39. Nc6 {[%emt 0:00:02] Hoping for Kg4.} Kf5 40. Rd4 h3 $1 41. Kg3 Rg8+ 42. Kh2 {[%emt 0:00:19] White wants to mate with Ne7+.} Rad8 $2 43. Ne7+ Kf6 44. Nxg8+ {[%emt 0:00:01] Weighted Error Value: White=0.47/Black=0.43} 1-0

[Event "Susha Chess Rapid Women 2022"]
[Site "Shusha"]
[Date "2022.09.23"]
[Round "6.2"]
[White "Zawadzka, Jolanta"]
[Black "Ozturk Orenli, Kubra"]
[Result "0-1"]
[ECO "C44"]
[WhiteElo "2401"]
[BlackElo "2319"]
[Annotator "TA"]
[PlyCount "114"]
[EventDate "2022.09.21"]
[EventType "tourn"]
[EventCountry "AZE"]
[SourceTitle "playchess.com"]
[Source "ChessBase"]
[SourceQuality "1"]
[TimeControl "900+10"]

1. e4 e5 2. Nf3 Nc6 3. d4 exd4 4. Nxd4 Nf6 5. Nxc6 bxc6 6. Bd3 Bc5 (6... d5 $11) 7. e5 $14 {[%emt 0:00:55] C45: Scotch Game.} Qe7 8. O-O (8. Qe2 $6 Nd5 $11) 8... Nd5 9. a3 {[%emt 0:00:50] Prevents Nb4. White is better.} a5 10. c4 Nb6 11. Nc3 {[%emt 0:00:03] [#]} (11. Nd2 $142) 11... Ba6 $146 {[%emt 0:02:23] [#]} (11... Bd4 $16) ({Predecessor:} 11... h6 12. Qf3 Ba6 13. Qg4 Qe6 14. Qxg7 O-O-O 15. Qf6 Bxc4 16. Qf3 Rhg8 {1-0 (72) Plenca,J (2421)-Krsnik Cohar,I (2313) Mali Losinj 2021}) 12. Qe2 $2 ({Better is} 12. Ne4 $1 $18) 12... Bd4 $11 13. Bd2 Qe6 14. Rac1 Bxc4 {[%emt 0:01:11] Hoping for ...0-0.} 15. Ne4 (15. Rfe1 $11) 15... Bxd3 $17 16. Qxd3 Qd5 (16... Qxe5 $6 17. Rfe1 Kd8 18. Nc3 $11) (16... Bxb2 $17 17. Rc5 O-O) 17. Rcd1 (17. Qb1 $1 $15) 17... Bxe5 $19 (17... Qxe5 18. b4 $16) 18. Qe2 (18. Qb1 $17 {was called for.}) 18... Qb5 19. Qf3 {[%emt 0:00:11] [#]} O-O $1 ({Inferior is} 19... Qxb2 20. Rb1 Qa2 21. Bf4 Bxf4 22. Qxf4 $17) 20. b4 axb4 21. Bxb4 d6 22. Qh3 Qc4 23. Rfe1 Nd5 24. Bd2 Nf6 25. Ng5 (25. Nxf6+ $142 Bxf6 26. Qd7) 25... Qg4 26. Qd3 h6 27. Nf3 Rfe8 28. Rb1 Nd5 29. h3 Nf4 (29... Qa4 $19 30. Nxe5 Rxe5 31. Rxe5 dxe5) 30. Bxf4 $17 Qxf4 31. Nxe5 (31. Re3 $17) 31... Rxe5 $19 ({And not} 31... dxe5 32. Rb4 Rad8 33. Qxd8 Rxd8 34. Rxf4 exf4 35. Rc1 $17) 32. Rxe5 Qxe5 $17 {[%emt 0:00:01][%mdl 4096] Endgame KQR-KQR} ({Weaker is} 32... dxe5 33. Qc3 $17) 33. a4 g6 34. Qc4 Qd5 35. Qh4 Qg5 36. Qc4 Qd5 (36... c5 $142 37. Qc3 Qf4) 37. Qh4 $1 $19 Kg7 38. Qb4 c5 39. Qc3+ Qd4 40. Qf3 Rxa4 {[%emt 0:00:03] aiming for ...Ra1.} 41. Qc6 Ra1 42. Rxa1 Qxa1+ {[%emt 0:00:01] KQ-KQ} 43. Kh2 Qe5+ 44. Kg1 Qe1+ 45. Kh2 Qxf2 {[%emt 0:00:02] Black mates.} 46. Qxc7 Qf4+ 47. Kg1 c4 48. Qc6 Qd4+ 49. Kh1 c3 50. Kh2 Qe5+ 51. Kh1 d5 52. Qc5 h5 53. Kg1 h4 54. Kh1 Qf6 55. Qxd5 Qf1+ 56. Kh2 Qf4+ 57. Kh1 c2 {[%emt 0:00:09] Weighted Error Value: White=0.61/Black=0.33} 0-1

[Event "Susha Chess Rapid Women 2022"]
[Site "Shusha"]
[Date "2022.09.23"]
[Round "6.3"]
[White "Efroimski, Marsel"]
[Black "Dzagnidze, Nana"]
[Result "0-1"]
[ECO "B23"]
[WhiteElo "2462"]
[BlackElo "2526"]
[Annotator "TA"]
[PlyCount "82"]
[EventDate "2022.09.21"]
[EventType "tourn"]
[EventCountry "AZE"]
[SourceTitle "playchess.com"]
[Source "ChessBase"]
[SourceQuality "1"]
[TimeControl "900+10"]

1. e4 c5 2. Nc3 e6 3. g3 Nc6 4. Bg2 g6 5. Nge2 Bg7 6. h4 {[%emt 0:00:13] B24: Closed Sicilian: 3 g3 sidelines.} h6 7. d3 d6 {[%emt 0:00:05] [#]} 8. h5 $146 {[%emt 0:00:08] The position is equal.} ({Predecessor:} 8. Be3 Nd4 9. Qd2 Ne7 10. O-O Rb8 11. Nd1 b5 12. Nc1 b4 13. a3 a5 14. axb4 axb4 {1-0 (41) McShane,L (2640)-Salem,A (2638) Riadh 2017}) 8... g5 9. f4 gxf4 10. Bxf4 Nf6 11. Qd2 Ng4 12. Rh4 $2 {[%emt 0:01:19] White does not recover from this.} (12. Bh3 $11 {and White has nothing to worry.} Nge5 13. O-O) 12... e5 $19 13. Be3 Nxe3 14. Qxe3 Nd4 15. O-O-O Bf6 16. Kb1 Bxh4 17. gxh4 Bg4 18. Rf1 (18. Rh1 $142) 18... Nxe2 ({Stronger than} 18... Bxh5 19. Ng3 Bg4 20. Nd5 $15) 19. Nxe2 Qxh4 20. Ng3 Rg8 21. Bh1 Qg5 22. Qf2 O-O-O 23. b4 $2 (23. Nf5) 23... Bh3 {[%emt 0:00:32] Black is clearly winning.} 24. Rg1 Qf4 25. Qe1 Be6 26. bxc5 dxc5 {[%emt 0:00:01] [#] Strongly threatening ...c4.} 27. Ne2 Qe3 28. Rf1 Bg4 29. Nc3 Qxe1+ 30. Rxe1 Bxh5 31. Nd5 Rg3 32. Ne7+ Kd7 33. Nf5 Rg6 {[%emt 0:00:21] [#] And now ...Rdg8 would win.} 34. Kb2 Rdg8 {[%emt 0:00:08] Threatens to win with ...Rg1.} 35. Re3 Bg4 36. Ng3 h5 37. Nf5 h4 38. Re1 Bxf5 39. exf5 Rg1 40. Rxg1 Rxg1 41. Bxb7 h3 {[%emt 0:00:02] Weighted Error Value: White=0.59/Black=0.16 (very precise)} 0-1